 Dungeon Crawl Stone Soup version 0.30-a0-760-g5a9884bb7c (webtiles) character file.

Game seed: 74801521184230916

2333 MachoJfn the Cleaver (level 9, -5/61 HPs)
             Began as a Demonspawn Gladiator on Feb 9, 2023.
             Was a Believer of Hepliaklqana.
             Slain by a wight
             ... wielding a +5 halberd
              (13 damage)
             ... on level 8 of the Dungeon on Feb 10, 2023.
             The game lasted 00:19:07 (6838 turns).

MachoJfn the Cleaver (Demonspawn Gladiator)         Turns: 6838, Time: 00:19:08

Health: -5/61      AC: 10    Str: 20    XL:     9   Next: 19%
Magic:  0/9        EV: 14    Int:  9    God:    Hepliaklqana [**....]
Gold:   383        SH:  0    Dex: 16    Spells: 8/8 levels left

rFire   . . .      SeeInvis .    a - +4 war axe
rCold   . . .      Faith    .    (no shield)
rNeg    . . .      Spirit   +    r - +0 robe "Enga" {+Blink Fly Dex+2 Archmagi}
rPois   .          Reflect  .    c - +1 helmet
rElec   .          Harm     .    (no cloak)
rCorr   .          Rampage  .    (no gloves)
Will    +....      Archmagi +    m - +2 pair of boots
Stlth   ++                       i - amulet of guardian spirit
HPRegen 0.30/turn                y - ring of willpower
MPRegen 0.11/turn                (no ring)

@: mighty, flying
A: reduced essence, molten scales 2, demonic guardian 2, foul stench 2
a: Renounce Religion, Evoke Blink, Recall Ancestor, Ancestor Identity


You were on level 8 of the Dungeon.
You worshipped Hepliaklqana.
Hepliaklqana was pleased with you.
You visited 2 branches of the dungeon, and saw 9 of its levels.

You collected 383 gold pieces.

Inventory:

Hand Weapons
 a - a +4 war axe (weapon)
Missiles
 d - 3 throwing nets
 e - a javelin
 g - 14 poisoned darts
Armour
 c - a +1 helmet (worn)
 m - a +2 pair of boots (worn)
 r - the +0 robe "Enga" (worn) {+Blink Fly Dex+2 Archmagi}
   (You found it on level 4 of the Dungeon)

   Dex:       It affects your dexterity (+2).
   Fly:       It grants you flight.
   +Blink:    It lets you blink.
   Archmagi:  It increases the power of your magical spells.
 v - a +2 robe of fire resistance
 w - +0 steam dragon scales
Jewellery
 i - an amulet of guardian spirit (around neck)
 y - a ring of willpower (left hand)
Scrolls
 b - 4 scrolls of teleportation
 n - a scroll of vulnerability
 p - 6 scrolls of identify
 x - a scroll of magic mapping
Potions
 f - 2 potions of brilliance
 k - 4 potions of lignification
 l - a potion of ambrosia
 o - a potion of degeneration
 q - a potion of mutation {unknown}
 s - 2 potions of heal wounds {unknown}
 t - 2 potions of invisibility {unknown}
 u - a potion of flight


   Skills:
 + Level 5.3 Fighting
 + Level 9.0 Axes
 + Level 1.8 Throwing
 + Level 1.8 Armour
 + Level 4.9 Dodging
 + Level 3.2 Stealth


You had 8 spell levels left.
You didn't know any spells.
Your spell library contained the following spells:

 Spells                   Type           Power      Damage    Failure   Level
 Shock                    Conj/Air       0%         1d3       38%         1
 Summon Guardian Golem    Hex/Summ       0%         N/A       77%         3
 Orb of Destruction       Conj           0%         9d5       100%        7
 Spellforged Servitor     Conj/Summ      0%         N/A       100%        7


Dungeon Overview and Level Annotations

Branches:
Dungeon (8/15)             Temple (1/1) D:4
   Lair: D:8-11

Altars:
Cheibriados
Fedhas
Hepliaklqana
Kikubaaqudgha
Makhleb
Nemelex Xobeh
Okawaru
Qazlal
Ru
Sif Muna
Vehumet
Wu Jian
Xom
Yredelemnul

Shops:
D:1 (   D:3 ?


Innate Abilities, Weirdness & Mutations

Your life essence is reduced to manifest your ancestor. (-10% HP)
You are mostly covered in molten scales. (AC +3)
A demonic guardian rushes to your aid.
You sometimes emit foul miasma when damaged in melee.


Message History

You hit the gnoll.
The gnoll is lightly wounded.
The gnoll hits you from afar with a +0 halberd!
You hit the wight but do no damage.
The wight is lightly damaged.
You barely miss the gnoll. The gnoll misses you.
A gnoll sergeant comes into view. It is wielding a +2 spear of venom.
The gnoll hits you but does no damage. The wight hits you with a +0 war axe!
A demonic guardian appears!
You feel drained.
The wight hits Ayize with a +0 war axe.
You closely miss the wight.
The wight is lightly damaged.
You hit the gnoll.
Ayize hits the wight with a +0 quarterstaff!!
The wight is destroyed!
The gnoll hits you with a +0 flail! The wight closely misses you.
The gnoll misses you.
You slice the gnoll!!
You kill the gnoll!
You hit the gnoll.
You kill the gnoll!
Ayize casts a spell at the wight.
The puff of frost hits the wight.
The wight resists.
The wight hits you from afar with a +3 halberd!
The wight closely misses you.
A shadow imp comes into view.
Your life force feels restored.
Ayize hits the wight with a +0 quarterstaff.
The gnoll closely misses you. The gnoll barely misses you.
The wight hits you with a +3 halberd. The wight completely misses you.
The shadow imp puffs mist at you.
Items here: )) [ †.
You feel very mighty all of a sudden.
Ayize hits the wight with a +0 quarterstaff!
The two-headed ogre completely misses you.
The two-headed ogre hits you with a +0 giant club!
* * * LOW HITPOINT WARNING * * *
The gnoll misses you. The gnoll barely misses you. The wight barely misses you.
The wight hits you with a +5 halberd!
You die...

..........##.
..........#.....
........... ...
##.....#...##.5#
#...#>.........)...#
.........#...=.....)
.....#...#...gz..#
............zOzg#
(....#....R@###
#...#...<)4##
#...#..........g..
######...............
##...#.............?..
#.....................
##.....#..............
#.............###....
##......>......# ....


You could see the friendly Ayize the battlemage, a two-headed ogre, 3 wights, 2
gnolls, a shadow imp and a friendly rust devil (summoned).

Vanquished Creatures
  A steam dragon (D:7)
  An orc warrior (D:7)
  2 sky beasts (D:7)
  2 ogres
  A phantom (D:7)
  A kobold brigand (D:7)
  3 bullfrogs
  3 scorpions
  5 hounds
  An iguana (D:4)
  4 orc wizards
  2 gnolls (D:8)
  6 adders
  A shadow imp (D:7)
  3 white imps
  A worm (D:3)
  2 dart slugs
  8 orcs
  4 ball pythons
  2 bats
  2 bat zombies (D:3)
  An endoplasm (D:3)
  3 giant cockroaches
  6 hobgoblins
  3 jackals (D:1)
  8 kobolds
  4 quokkas
  4 frilled lizards
  4 goblins
  4 rats
  3 rat zombies (D:3)
95 creatures vanquished.

Vanquished Creatures (collateral kills)
  Joseph (D:7)
  A sky beast (D:7)
  The ghost of blahman3 the Covered, an amateur MiFi (D:6)
  A centaur (D:7)
  A bullfrog (D:7)
  A wight (D:8)
  An orc priest (D:7)
  3 orc wizards (D:7)
  A gnoll (D:8)
  2 orcs
  A training dummy (D:6)
  A kobold (D:7)
15 creatures vanquished.

Grand Total: 110 creatures vanquished

Notes
Turn   | Place    | Note
-------+----------+-------------------------------------------
     0 | D:1      | MachoJfn the Demonspawn Gladiator began the quest for the
                  | Orb.
     0 | D:1      | Reached XP level 1. HP: 16/16 MP: 1/1
   209 | D:1      | Gained mutation: You may rarely emit foul miasma when
                  | damaged in melee. [demonic ancestry]
   209 | D:1      | Reached XP level 2. HP: 22/22 MP: 0/2
   562 | D:1      | Reached skill level 3 in Axes
   728 | D:1      | Found Tazuocifu's Weapon Shop.
  1138 | D:2      | Gained mutation: You are partially covered in molten
                  | scales. (AC +2) [demonic ancestry]
  1138 | D:2      | Reached XP level 3. HP: 18/28 MP: 3/3
  1949 | D:3      | Found Xoja's Magic Scroll Shoppe.
  2063 | D:3      | Gained mutation: You sometimes emit foul miasma when
                  | damaged in melee. [demonic ancestry]
  2063 | D:3      | Reached XP level 4. HP: 23/34 MP: 2/4
  2214 | D:3      | Found an ancient bone altar of Kikubaaqudgha.
  2428 | D:4      | Reached skill level 4 in Axes
  2428 | D:4      | Reached skill level 1 in Armour
  2444 | D:4      | Identified the +0 robe "Enga" {+Blink Fly Dex+2 Archmagi}
  2501 | D:4      | Found a staircase to the Ecumenical Temple.
  2515 | Temple   | Entered the Ecumenical Temple
  2886 | Temple   | Became a worshipper of Hepliaklqana the Forgotten
  2980 | D:4      | Noticed a scorpion
  2987 | D:4      | Killed a scorpion
  2988 | D:4      | Reached XP level 5. HP: 39/39 MP: 5/5
  3324 | D:4      | Found a stormy altar of Qazlal.
  3324 | D:4      | Found a shimmering altar of Xom.
  3324 | D:4      | You are sucked into a shaft and drop 2 floors!
  3400 | D:5      | Entered Level 5 of the Dungeon
  3408 | D:5      | Reached skill level 5 in Axes
  3408 | D:5      | Gained mutation: A weak demonic guardian rushes to your
                  | aid. [demonic ancestry]
  3408 | D:5      | Reached XP level 6. HP: 46/46 MP: 4/6
  3505 | D:5      | Reached * piety under Hepliaklqana
  3525 | D:5      | Found a basalt altar of Yredelemnul.
  3627 | D:4      | Found a shimmering blue altar of Sif Muna.
  3645 | D:4      | Got Sif Muna's Lectures on the Atmosphere
  4530 | D:5      | Reached skill level 1 in Stealth
  4532 | D:5      | Reached XP level 7. HP: 46/46 MP: 7/7
  4719 | D:6      | Reached skill level 6 in Axes
  4880 | D:6      | Found an iron altar of Okawaru.
  4916 | D:6      | Found a large runed translucent door.
  4917 | D:6      | Found a large runed translucent door.
  4919 | D:6      | Noticed blahman3's ghost (amateur MiFi)
  5021 | D:6      | Killed blahman3's ghost
  5345 | D:6      | Reached ** piety under Hepliaklqana
  5525 | D:6      | Remembered your ancestor Ayize as a battlemage
  5715 | D:7      | Gained mutation: You are mostly covered in molten scales.
                  | (AC +3) [demonic ancestry]
  5715 | D:7      | Reached XP level 8. HP: 54/54 MP: 8/8
  5716 | D:7      | Reached skill level 7 in Axes
  5844 | D:7      | Noticed Joseph
  5861 | D:7      | Killed Joseph
  5917 | D:7      | Reached skill level 8 in Axes
  6197 | D:7      | Reached skill level 5 in Fighting
  6335 | D:7      | Gained mutation: A demonic guardian rushes to your aid.
                  | [demonic ancestry]
  6335 | D:7      | Reached XP level 9. HP: 52/61 MP: 9/9
  6789 | D:7      | Upgraded the game from 0.30-a0-757-ga6a79fd877 to
                  | 0.30-a0-760-g5a9884bb7c
  6829 | D:8      | Noticed a two-headed ogre
  6831 | D:8      | Reached skill level 9 in Axes
  6838 | D:8      | Slain by a wight

Illustrated notes

Levels and vault maps discovered:
D:1:      spicycebolla_green_bress_n_ham_2, layout_loops_ring, serial_shops,
          nicolae_shop_bloodbath_and_beyond, nrook_uturn
D:2:      layout_basic, serial_rivers, chequers_serial_rivers_large_a,
          chequers_serial_rivers_micro_a, chequers_serial_rivers_small_3,
          chequers_serial_rivers_small_b, chequers_serial_rivers_small_a
D:3:      layout_basic, lemuel_zombie_altar_kikubaaqudgha, serial_shops, shop
D:4:      layout_rooms, led_sif_book, gammafunk_temple_overflow_pools,
          minmay_temple_entry_sparse_star
D:5:      layout_gridville, overflow_temple_1_default, old_standard_altar,
          lemuel_round_altar, gup_sewer_entry_bowl, st_stairs_8,
          kennysheep_generic_room_9
D:6:      dreamdust_elfheim, layout_loops_ring,
          mainiacjoe_overflow_concentric_impassable,
          ebering_ghost_disaster_area, grunt_ministairs_8, dk_noncrumbling_2,
          minmay_splitting_lines, grunt_decor_fettered, nrook_campfire,
          nrook_loot_triangle, st_stairs_4, hangedman_decor_clover_reticule
D:7:      layout_loops_corners, uniq_joseph
D:8:      layout_cave_pools, grunt_dithmenos_smoke, introduction_to_nature_1
Temple:   grunt_temple_mini_profane

Skill      XL: |  1  2  3  4  5  6  7  8  9 |
---------------+----------------------------+-----
Dodging        | 3 4 |  4.9
Axes           | 3 4 5 6 8 9 |  9.0
Armour         | 1 |  1.8
Fighting       | 3 4 5 |  5.3
Stealth        | 1 2 3 |  3.2
Throwing       | |  1.8

Action                     |  1- 3 |  4- 6 |  7- 9 || total
---------------------------+-------+-------+-------++-------
  Melee: War axe           |   102 |    88 |   102 ||   292
         Punch             |       |     1 |       ||     1
 Invoke: Ancestor Life: Ba |       |       |     1 ||     1
    Use: Scroll            |     9 |       |     2 ||    11
         Potion            |     2 |     9 |     1 ||    12
   Stab: Distracted        |       |     1 |     1 ||     2
         Sleeping          |       |       |     1 ||     1
 Armour: Leather armour    |    20 |       |       ||    20
         Chain mail        |    22 |    22 |       ||    44
         Robe              |       |    29 |    30 ||    59
         Skin              |       |     7 |       ||     7
  Dodge: Dodged            |    68 |    56 |    70 ||   194

Table legend: (Time is in decaauts)
 A = Elapsed time spent in this place.
 B = Non-inter-level travel time spent in this place.
 C = Inter-level travel time spent in this place.
 D = Time resting spent in this place.
 E = Time spent auto-exploring this place.
 F = Levels seen in this place.
 G = Mean time per level.
                   A        B        C        D        E       F      G
               +--------+--------+--------+--------+--------+-----+--------+
         Total |   6917 |   5860 |   1057 |   1042 |   3933 |   9 |  768.6 |
       Dungeon |   6533 |   5684 |    849 |   1042 |   3762 |   8 |  816.6 |
        Temple |    383 |    175 |    208 |      0 |    171 |   1 |  383.0 |
               +--------+--------+--------+--------+--------+-----+--------+

Top non-repeatable levels by time:
     D:4: 1364 daAuts
     D:6: 1167 daAuts
     D:7: 1139 daAuts
     D:1: 966 daAuts
     D:2: 825 daAuts
     D:3: 670 daAuts
  Temple: 383 daAuts
     D:5: 367 daAuts
     D:8: 32 daAuts
